 Dungeon Crawl Stone Soup version 0.31.0-11-ge490571c62 (webtiles) character file.

Game seed: 11983146004622093114

2565 bearlyready the Grappler (level 9, -5/55 HPs)
             Began as an Octopode Shapeshifter on Feb 7, 2024.
             Was an Initiate of Gozag.
             Slain by a wyvern (9 damage)
             ... on level 7 of the Dungeon.
             The game lasted 00:13:53 (7183 turns).

bearlyready the Grappler (Octopode Shapeshifter)    Turns: 7183, Time: 00:13:53

Health: -5/55      AC:  1    Str: 17    XL:     9   Next: 57%
Magic:  9/9        EV: 18    Int: 13    God:    Gozag
Gold:   945        SH:  0    Dex: 11    Spells: 8/8 levels left

rFire   . .          .
                       - Unarmed
rCold   . . .        (no shield)
rNeg    . . .        (helmet currently unavailable)
rPois   .            (no amulet)
rElec   .            k - +5 ring of evasion
rCorr   .            (no ring)
SInv    .            (no ring)
Will    .....        (no ring)
Stlth   ++           (no ring)
HPRegen 0.29/turn    (no ring)
MPRegen 0.11/turn    (no ring)
                     (no ring)

%: no passive effects
@: beast-form
A: beast (slay +4), almost no armour, amphibious, 8 rings, camouflage 1,
gelatinous body 1, (nimble swimmer 1), tentacles
a: Begin Untransformation, Renounce Religion, Potion Petition, Call Merchant,
Bribe Branch


You were on level 7 of the Dungeon.
You worshipped Gozag.
Gozag was pleased with you.
You were a hulking beast.
You visited 2 branches of the dungeon, and saw 8 of its levels.
You also visited: Sewer.

You collected 1002 gold pieces.
You paid 57 gold pieces to Gozag.

Inventory:

Hand Weapons
 f - a +1 antimagic whip
Missiles
 a - 4 silver javelins
 d - 50 stones
 q - 14 poisoned darts
 u - 5 javelins
 y - 5 curare-tipped darts
 D - 5 boomerangs (quivered)
Armour
 h - an orb of mayhem
 w - a +2 cloak
 E - a scarf of resistance
Jewellery
 k - a +5 ring of evasion (left tentacle)
 n - a ring of fire
Talismans
 b - a beast talisman
 c - a flux talisman
 i - a flux talisman
Wands
 p - a wand of roots (2)
Scrolls
 l - a scroll of revelation
 m - 2 scrolls of poison
 o - a scroll of enchant weapon
 A - a scroll of teleportation {unknown}
 B - a scroll of enchant armour {unknown}
 C - 3 scrolls of identify
Potions
 e - a potion of might
 g - a potion of mutation {unknown}
 j - a potion of brilliance
 r - a potion of invisibility {unknown}
 s - 2 potions of attraction
 t - a potion of haste {unknown}
 v - a potion of ambrosia {unknown}
 x - a potion of magic
 F - 2 potions of cancellation {unknown}


   Skills:
 + Level 2.5 Fighting
 + Level 2.1 Throwing
 - Level 2.0 Dodging
 + Level 9.0 Unarmed Combat
 + Level 2.4 Evocations
 + Level 8.3 Shapeshifting


You had 8 spell levels left.
You didn't know any spells.
Your spell library contained the following spells:

 Spells                   Type           Power      Damage    Failure   Level
 Summon Small Mammal      Summ           0%         N/A       30%         1
 Static Discharge         Conj/Air       0%         3-3/arc   43%         2
 Sublimation of Blood     Necr           0%         N/A       43%         2
 Airstrike                Air            0%         2d(0-16)  97%         4
 Petrify                  Alch/Erth      0%         N/A       97%         4
 Summon Lightning Spire   Summ/Air       0%         N/A       97%         4
 Irradiate                Conj/Alch      0%         3d11      100%        5
 Summon Mana Viper        Hex/Summ       0%         N/A       100%        5
 Yara's Violent Unravell  Hex/Alch       0%         3d3       100%        5
 Enfeeble                 Hex            0%         N/A       100%        7


Dungeon Overview and Level Annotations

Branches:
Dungeon (7/15)             Temple (1/1) D:4           Sewer (visited)

Altars:
Cheibriados
Dithmenos
Elyvilon
Fedhas
Gozag
Makhleb
Nemelex Xobeh
Okawaru
Ru
Uskayaw
Vehumet
Wu Jian
Xom
Yredelemnul
Zin
The Shining One

Shops:
D:4 ([[


Innate Abilities, Weirdness & Mutations

You are a hulking beast.
Your limbs bulge with bestial killing power. (Slay +4)
You cannot wear most types of armour.
You are amphibious.
You can wear up to eight rings at the same time.
Your skin changes colour to match your surroundings (Stealth+).
Your rubbery body absorbs attacks. (AC +1, EV +1)
((You are camouflaged when in or above water. (Stealth+)))
You have tentacles for arms and can constrict up to eight enemies at once.


Message History

You barely miss the wyvern. Your squeeze misses the wyvern.
The wyvern barely misses you.
You barely miss the wyvern. You squeeze the wyvern.
The wyvern is lightly wounded.
The wyvern bites you! x2
You are too injured to fight recklessly!
You are too injured to fight recklessly!
You are too injured to fight recklessly!
You are too injured to fight recklessly!
You are too injured to fight recklessly!
You are too injured to fight recklessly!
You are too injured to fight recklessly!
You are too injured to fight recklessly!
A wyvern is nearby!
You barely miss the wyvern. Your squeeze misses the wyvern.
The wyvern is lightly wounded.
The wyvern bites you!!
Aiming: Fastroot
Press: ? - help, Shift-Dir - straight line, f - wyvern
Aim: a wyvern (lightly wounded)
The roots erupt in riotous growth!
Roots grab the wyvern.
The grasping roots constrict the wyvern.
The wyvern bites you!
* * * LOW HITPOINT WARNING * * *
Okay, then.
Okay, then.
The grasping roots constrict the wyvern.
The roots release their grip on the wyvern.
The wyvern attacks as it pursues you! The wyvern closely misses you.
The wyvern misses you.
Aiming: Fastroot
Press: ? - help, Shift-Dir - straight line, f/p - wyvern
Aim: a wyvern (heavily wounded)
The roots erupt in riotous growth!
Roots grab the wyvern.
The grasping roots constrict the wyvern.
The wyvern bites you!
You die...
Your body crumbles into a pile of gold.

.....#....# .....#.##.#
..##.#.##.######
#.##...........#
#.#####.##.....#
#.......##.....#
##########.....#
##########.....#######...
................hk.....>#
##########.....########.#
#.....# #######


You could see a wyvern (rooted).

Vanquished Creatures
  A steam dragon (D:5)
  Duvessa (D:7)
  2 water moccasins
  3 ice beasts
  A black bear (D:7)
  A sky beast (D:6)
  An ogre (D:4)
  A centaur (D:7)
  A kobold brigand (D:4)
  A phantom (D:4)
  2 brain worms (Sewer)
  3 bullfrogs
  A scorpion (D:5)
  Dowan (D:7)
  Crazy Yiuf (D:6)
  5 hounds
  A jelly (D:6)
  3 orc priests
  Natasha (thrice) (D:3)
  4 iguanas
  2 sleepcaps
  3 orc wizards
  8 gnolls
  7 adders
  5 river rats
  2 white imps (D:6)
  3 dart slugs
  2 ribbon worms
  13 orcs
  13 ball pythons
  14 endoplasms
  7 giant cockroaches
  6 goblins
  10 hobgoblins
  12 jackals
  5 quokkas
  5 bats
  9 frilled lizards
  13 kobolds
  11 rats
187 creatures vanquished.

Notes
Turn   | Place    | Note
-------+----------+-------------------------------------------
     0 | D:1      | bearlyready the Octopode Shapeshifter began the quest for
                  | the Orb.
     0 | D:1      | Reached XP level 1. HP: 13/13 MP: 1/1
   189 | D:1      | Reached XP level 2. HP: 15/18 MP: 2/2
   258 | D:1      | Reached XP level 3. HP: 9/23 MP: 3/3
   589 | D:1      | Found a faded altar of an unknown god.
  1082 | D:2      | Reached skill level 4 in Unarmed Combat
  1082 | D:2      | Reached XP level 4. HP: 28/28 MP: 4/4
  1913 | D:3      | Noticed Natasha
  1919 | D:3      | Killed Natasha
  1920 | D:3      | Reached XP level 5. HP: 17/33 MP: 5/5
  2009 | D:3      | Noticed Natasha
  2017 | D:3      | Killed Natasha
  2423 | D:3      | Noticed Natasha
  2428 | D:3      | Killed Natasha
  2490 | D:3      | Found a snail-covered altar of Cheibriados.
  2804 | D:4      | Found Olasul's Weapon Shop.
  2829 | D:3      | Reached skill level 5 in Unarmed Combat
  2887 | D:4      | Reached XP level 6. HP: 29/38 MP: 6/6
  3163 | D:4      | Reached skill level 5 in Shapeshifting
  3207 | D:4      | Found a staircase to the Ecumenical Temple.
  3296 | D:4      | Reached XP level 7. HP: 28/43 MP: 7/7
  3355 | Temple   | Entered the Ecumenical Temple
  3384 | Temple   | Became a worshipper of Gozag Ym Sagoz the Greedy
  3493 | D:4      | Found Gaqor's Armour Emporium.
  3817 | D:4      | Reached skill level 6 in Unarmed Combat
  4010 | D:4      | Got Baaratru's Codex of United Fascination
  4018 | D:4      | Found Oshorphiu's Armour Shoppe.
  4236 | D:5      | Entered Level 5 of the Dungeon
  4293 | D:5      | Found a glowing silver altar of Zin.
  4304 | D:5      | Noticed a steam dragon
  4413 | D:5      | Found a glowing drain.
  4421 | Sewer    | Entered a sewer
  4597 | Sewer    | Reached XP level 8. HP: 48/48 MP: 8/8
  4665 | Sewer    | Reached skill level 7 in Unarmed Combat
  5658 | D:6      | Reached skill level 8 in Unarmed Combat
  6095 | D:6      | Reached XP level 9. HP: 53/53 MP: 9/9
  6365 | D:6      | Found an ornate altar of the Wu Jian Council.
  6596 | D:6      | Found a runed translucent door.
  6597 | D:6      | Noticed Crazy Yiuf
  6691 | D:6      | Killed Crazy Yiuf
  6692 | D:6      | Reached skill level 1 in Evocations
  6780 | D:7      | Reached skill level 1 in Throwing
  6814 | D:7      | Noticed Duvessa
  6814 | D:7      | Noticed Dowan
  7058 | D:7      | Reached skill level 9 in Unarmed Combat
  7116 | D:7      | Killed Duvessa
  7120 | D:7      | Killed Dowan
  7183 | D:7      | Slain by a wyvern

Illustrated notes

Levels and vault maps discovered:
D:1:      dpeg_arrival_solitude, layout_basic,
          shapermc_ecumenical_altar_mp_vishouse, minmay_pentomino_w4
D:2:      layout_basic, serial_corexii_hall, chequers_hall_statues_wall_a,
          corexii_hall_statues_i, chequers_hall_statues_wall_a,
          chequers_hall_statues_corner_a, chequers_big_river,
          minmay_diced_spiral
D:3:      layout_loops_ring, chei_slow_surprise, kennysheep_generic_room_4,
          uniq_natasha
D:4:      layout_gridville, minmay_temple_entry_glass, serial_shops, shop,
          nicolae_shop_scrapyard, shop, lexackson_kobold_supper
D:5:      layout_loops_ring, amcnicky_altar_gilded, gup_sewer_entry_bubbles,
          grunt_tough_drop
D:6:      layout_cave_pods, overflow_temple_1_default, uniq_crazy_yiuf_cottage
D:7:      layout_basic, nicolae_sif_muna_condensation, lemuel_doored_altar,
          uniq_duvessa, uniq_maggie
Temple:   compressed_dpeg_triangle_lava_temple

Skill      XL: |  1  2  3  4  5  6  7  8  9 |
---------------+----------------------------+-----
Unarmed Combat | 4 5 6 8 9 |  9.0
Shapeshifting  | 4 5 6 7 8 |  8.3
Evocations     | 2 |  2.4
Throwing       | 2 |  2.1
Fighting       | 2 |  2.5
Dodging        | |  2.0

Action                     |  1- 3 |  4- 6 |  7- 9 || total
---------------------------+-------+-------+-------++-------
  Melee: Unarmed           |    87 |    97 |   179 ||   363
         Constrict         |    20 |    22 |    44 ||    86
         Tentacles         |    12 |    21 |    35 ||    68
         Punch             |     2 |     2 |    12 ||    16
  Throw: Dart              |       |     3 |    14 ||    17
         Boomerang         |       |       |    13 ||    13
  Evoke: Wand              |       |       |     5 ||     5
    Use: Potion            |       |     4 |     6 ||    10
         Scroll            |       |       |     9 ||     9
   Stab: Sleeping          |     5 |     2 |    13 ||    20
 Armour: Skin              |    20 |    45 |    88 ||   153
  Dodge: Dodged            |    52 |    41 |   117 ||   210
